 Dungeon Crawl Stone Soup version 0.26-a0-30-g56b8cd3df0 (webtiles) character file.

Game seed: 6367511967843830622, levelgen mode: deterministic

261 Lanoc the Skirmisher (level 5, -24/46 HPs)
             Began as a Draconian Abyssal Knight on May 31, 2020.
             Was a Priest of Lugonu.
             Killed from afar by a hound (26 damage)
             ... with an exploding inner flame
             ... hexed by the player character
             ... on level 4 of the Dungeon.
             The game lasted 00:05:10 (3860 turns).

Lanoc the Skirmisher (Draconian Abyssal Knight)     Turns: 3860, Time: 00:05:11

Health: -24/46     AC:  6    Str: 15      XL:     5   Next: 96%
Magic:  7/7        EV: 12    Int: 11 (12) God:    Lugonu [***...]
Gold:   199        SH:  3    Dex:  8 (11) Spells: 4/4 levels left

rFire    . . .     SeeInvis .   a - +1 spear
rCold    . . .     Gourm    .   i - +0 buckler
rNeg     . . .     Faith    +   (armour unavailable)
rPois    .         Spirit   .   (helmet restricted)
rElec    .         Reflect  .   g - +0 cloak {MR+}
rCorr    .         Harm     .   (no gloves)
MR       +....                  (no boots)
Stlth    +.........             f - amulet of faith
HPRegen  0.15/turn              (no ring)
MPRegen  0.10/turn              (no ring)

@: lethally poisoned (-24 -> -29)
A: unfitting armour, cold-blooded, AC +5
a: Depart the Abyss, Bend Space, Banish, Renounce Religion


You were on level 4 of the Dungeon.
You worshipped Lugonu.
Lugonu was most pleased with you.
You were hungry.

You visited 2 branches of the dungeon, and saw 5 of its levels.
You visited the Abyss 1 time.

You collected 199 gold pieces.

Inventory:

Hand Weapons
 a - a +1 spear (weapon)
Missiles
 c - 2 throwing nets (quivered)
Armour
 e - a +0 kite shield
 g - a +0 cloak of magic resistance (worn)
 i - a +0 buckler (worn)
Jewellery
 f - an amulet of faith (around neck)
 j - an uncursed amulet of reflection {unknown}
Wands
 n - a wand of random effects (21)
Scrolls
 d - a scroll of amnesia
Comestibles
 b - 7 rations


   Skills:
 + Level 4.2 Fighting
 * Level 4.0 Polearms
 + Level 3.0 Dodging
 + Level 1.9 Shields
 + Level 3.2 Invocations


You had 4 spell levels left.
You didn't know any spells.
Your spell library was empty.

Dungeon Overview and Level Annotations

Branches:
Dungeon (4/15)             Temple (1/1) D:4

Altars:
Cheibriados
Yredelemnul


Innate Abilities, Weirdness & Mutations

Your plain brown scales are hard. (AC +5)
You cannot fit into any form of body armour.
You are cold-blooded and may be slowed by cold attacks.


Message History

You feel sick. The hound misses you. The scorpion closely misses you.
* * * LOW HITPOINT WARNING * * *
You feel sick. The hound bites you.
* * * LOW HITPOINT WARNING * * *
* * * LOW HITPOINT WARNING * * *
You feel sick.
You hit the quokka.
Flame seeps out of the quokka. x2
You tail-slap the quokka.
The quokka is severely wounded.
* * * LOW HITPOINT WARNING * * *
You feel sick. You block the hound's attack.
The quokka is engulfed in blazing flames.
The quokka explodes!
The fiery explosion engulfs the scorpion!!
The scorpion explodes!
The fiery explosion engulfs the hound!!!
The hound explodes!
The fiery explosion engulfs you!!
Ouch! That really hurt!
You die...

#......# #.....#
##....## #.....#
#....## ##§..##
#§§.## ##§○## ##§@§#
#.. #...## #..#
##...# #..#
##...######..##
##....##.......
#......#.#..#
#.....##.....###
#......##.#.#...#
.......#..#.###...##


There were no monsters in sight!

Vanquished Creatures
  An orc priest (D:4)
  An orc wizard (D:4)
  An iguana (D:3)
  Ijyb (D:3)
  Terence (D:3)
  6 adders
  3 worms (D:3)
  3 leopard geckos
  6 orcs (D:3)
  2 ball pythons (D:3)
  4 giant cockroaches
  5 hobgoblins
  3 jackals (D:2)
  7 bats
  5 frilled lizards
  6 goblins
  9 kobolds
  8 rats
72 creatures vanquished.

Notes
Turn   | Place    | Note
-------+----------+-------------------------------------------
     0 | Abyss:1  | Lanoc the Draconian Abyssal Knight began the quest for the
                  | Orb.
     0 | Abyss:1  | Reached XP level 1. HP: 19/19 MP: 2/2
     0 | Abyss:1  | Found a corrupted altar of Lugonu.
    27 | D:1      | Escaped the Abyss
   322 | D:1      | Reached XP level 2. HP: 26/26 MP: 3/3
  1046 | D:2      | Reached XP level 3. HP: 11/33 MP: 4/4
  1591 | D:2      | Reached ** piety under Lugonu
  1832 | D:2      | Reached skill level 1 in Shields
  1939 | D:3      | Noticed Ijyb
  1948 | D:3      | Reached XP level 4. HP: 40/40 MP: 5/5
  1964 | D:3      | Killed Ijyb
  2613 | D:3      | Found a snail-covered altar of Cheibriados.
  2654 | D:3      | Reached XP level 5. HP: 46/46 MP: 7/7
  2743 | D:3      | Noticed Terence
  2763 | D:3      | Killed Terence
  2764 | D:3      | Reached *** piety under Lugonu
  2975 | D:3      | Found a basalt altar of Yredelemnul.
  3805 | D:4      | Found a staircase to the Ecumenical Temple.
  3814 | Temple   | Entered the Ecumenical Temple
  3860 | D:4      | HP: 2/46 [poisoned by a scorpion]
  3860 | D:4      | Killed from afar by a hound

Illustrated notes

Levels and vault maps discovered:
D:1:      lightli_arrival_noodles, layout_basic
D:2:      layout_rooms
D:3:      layout_basic, cheibriados_altar_1, marbit_many_paths, uniq_ijyb,
          uniq_terence
D:4:      layout_cave_pods, overflow_temple_1_default,
          minmay_temple_entry_slanted, serial_shops, kennysheep_mini_moat,
          first_ration, serial_bayou_pond_d, grunt_ministairs_10,
          hangedman_decor_lopped, uniq_duvessa, uniq_edmund
Temple:   corrupted_temple

Skill      XL: |  1  2  3  4  5 |
---------------+----------------+-----
Shields        | 1 |  1.9
Polearms       | 3 4 |  4.0
Fighting       | 4 |  4.2
Invocations    | 3 |  3.2
Dodging        | 3 |  3.0

Action                   |  1- 3 |  4- 6 || total
-------------------------+-------+-------++-------
Melee: Spear             |   171 |   198 ||   369
       Tailslap          |    14 |    18 ||    32
  Use: Potion            |       |     3 ||     3
       Scroll            |       |     2 ||     2
  Eat: Chunk             |     3 |     6 ||     9
Armor: Skin              |    42 |    37 ||    79
Dodge: Dodged            |    67 |    94 ||   161
Block: Kite shield       |    33 |       ||    33
       Buckler           |     7 |    24 ||    31

Table legend:
 A = Non-vault XP
 B = Vault XP
 C = Vault XP percentage of total XP
 D = Non-vault monster count
 E = Vault monster count
 F = Vault count percentage of total count
                 A         B        C        D         E       F
            +---------+---------+-------+---------+---------+-------
      Total |     295 |      79 |  21.1 |      69 |       3 |   4.2
            +---------+---------+-------+---------+---------+-------
        D:1 |      26 |       0 |   0.0 |      18 |       0 |   0.0
        D:2 |      70 |       0 |   0.0 |      23 |       0 |   0.0
        D:3 |     119 |      79 |  39.9 |      26 |       3 |  10.3
        D:4 |      80 |       0 |   0.0 |       2 |       0 |   0.0
            +---------+---------+-------+---------+---------+-------
